 Dungeon Crawl Stone Soup version 0.20.1-1-g8b1a95d66d (webtiles) character file.

5950 KoningWillie the Carver (level 10, 0/90 HPs)
             Began as a Minotaur Fighter on Nov 19, 2017.
             Was an Initiate of Gozag.
             Slain by a crocodile (10 damage)
             ... on level 9 of the Dungeon.
             The game lasted 00:19:36 (9687 turns).

KoningWillie the Carver (Minotaur Fighter)          Turns: 9687, Time: 00:19:37

Health: 0/90       AC: 22    Str: 25      XL:     10   Next: 54%
Magic:  9/9        EV:  8    Int:  5      God:    Gozag
Gold:   134        SH:  0    Dex:  8 (9)  Spells: 9/9 levels left

rFire    . . .     SeeInvis .   u - +1 great sword
rCold    . . .     Gourm    .   (shield currently unavailable)
rNeg     . . .     Faith    .   p - +1 plate armour
rPois    .         Spirit   .   (helmet restricted)
rElec    .         Reflect  .   l - +0 cloak
rCorr    .         Harm     .   s - +2 pair of gloves
MR       .....                  (no boots)
Stlth    ..........             (no amulet)
Regen    0.3/turn               B - +3 ring of slaying
MPRegen  0.2/turn               i - +2 ring of protection

@: no status effects
A: retaliatory headbutt, horns 2
a: Potion Petition, Call Merchant, Bribe Branch, Renounce Religion


You were on level 9 of the Dungeon.
You worshipped Gozag.
Gozag was aware of your devotion.
You were completely stuffed.

You visited 2 branches of the dungeon, and saw 10 of its levels.

You collected 528 gold pieces.
You spent 256 gold pieces at shops.
You paid 138 gold pieces to Gozag.

Inventory:

Hand Weapons
 u - a +1 great sword (weapon)
Armour
 l - a +0 cloak (worn)
 p - a +1 plate armour (worn)
 s - a +2 pair of gloves (worn)
Jewellery
 i - a +2 ring of protection (right hand)
 B - a +3 ring of slaying (left hand)
Wands
 q - a wand of polymorph (24/24)
 y - a wand of flame (48/48)
Scrolls
 b - 2 scrolls of magic mapping
 k - 2 scrolls of immolation
 n - a scroll of amnesia
 o - a scroll of recharging
 r - 4 scrolls of enchant weapon
 t - 2 scrolls of remove curse
 w - 2 scrolls of enchant armour
Potions
 a - a potion of cancellation
 h - a potion of brilliance
 m - 4 potions of flight
 v - 3 potions of might
 x - a potion of magic
Books
 e - a book of Frost

   Spells                             Type                      Level
   a - Freeze                         Ice                          1
   b - Throw Frost                    Conjuration/Ice              2
   c - Ozocubu's Armour               Charms/Ice                   3
   d - Throw Icicle                   Conjuration/Ice              4
   e - Summon Ice Beast               Ice/Summoning                4
 g - a book of Flames

   Spells                             Type                      Level
   a - Flame Tongue                   Conjuration/Fire             1
   b - Throw Flame                    Conjuration/Fire             2
   c - Conjure Flame                  Conjuration/Fire             3
   d - Inner Flame                    Hexes/Fire                   3
   e - Sticky Flame                   Conjuration/Fire             4
   f - Fireball                       Conjuration/Fire             5
Comestibles
 d - 4 meat rations
 f - 2 bread rations
 j - 5 royal jellies


   Skills:
 + Level 8.4 Fighting
 + Level 11.8 Long Blades
 + Level 9.4 Armour
 + Level 1.5 Dodging
 + Level 0.5 Stealth
   Level 9.9 Shields
 + Level 1.0 Unarmed Combat


You had 9 spell levels left.
You didn't know any spells.

Dungeon Overview and Level Annotations

Branches:
Dungeon (9/15)             Temple (1/1) D:5            Lair (0/6) D:8
    Orc: D:9-12

Altars:
Ashenzari
Cheibriados
Dithmenos
Elyvilon
Fedhas
Gozag
Hepliaklqana
Kikubaaqudgha
Nemelex Xobeh
Okawaru
Qazlal
Ru
Sif Muna
Trog
Uskayaw
Vehumet
Xom
Yredelemnul
Zin
The Shining One

Shops:
D:4 *

Annotations:
D:7 2 runed doors


Innate Abilities, Weirdness & Mutations

You reflexively headbutt those who attack you in melee.
You have a pair of horns on your head.


Message History

There is a stone staircase leading down here.
The porcupine bites you but does no damage.
The crocodile completely misses you. You furiously retaliate!
You headbutt the crocodile.
The porcupine twitches its whiskers.
The porcupine bites you.
* * * LOW HITPOINT WARNING * * *
You climb downwards.
Found 23 arrows and a worn ivory wand.
Found a sacrificial altar of Ru.
There is a stone staircase leading up here.
You hit the crocodile.
The crocodile is moderately wounded.
The porcupine closely misses you. The crocodile bites you.
* * * LOW HITPOINT WARNING * * *
You barely miss the crocodile. You headbutt the crocodile!
The crocodile is severely wounded.
The porcupine bites you but does no damage.
The crocodile bites you!
You die...
Your body crumbles into a pile of gold.

#.##...######
.#...../...
...(.....#
#...._...#
#........#
#.#.......
#.....t.#
#.@#
#r........
#.######## ..
#.. #.. ...
##.#


You could see a crocodile and a porcupine.

Vanquished Creatures
  A two-headed ogre (D:7)
  An unseen horror (D:6)
  A kobold demonologist (D:7)
  A troll (D:7)
  A hippogriff (D:7)
  A shadow (D:7)
  Menkaure (D:7)
  3 orc warriors
  3 ice beasts
  Duvessa (D:4)
  4 ogres
  5 centaurs
  A big kobold (D:7)
  Blork the orc (D:6)
  The ghost of Naow the Firebug, an amateur DEFE (D:3)
  2 bullfrogs
  A gnoll sergeant (D:7)
  Dowan (D:4)
  2 scorpions
  10 killer bees
  4 wights (D:7)
  2 crimson imps
  A bullfrog zombie (D:5)
  A howler monkey (D:5)
  A quasit (D:8)
  6 hounds
  A bullfrog skeleton (D:5)
  2 jellies
  5 orc wizards
  5 orc priests
  2 iguanas
  Crazy Yiuf (D:2)
  Jessica (D:3)
  5 worker ants
  A hound zombie (D:6)
  A hound skeleton (D:4)
  3 worker ant zombies
  Robin (D:2)
  13 adders
  7 gnolls
  A howler monkey skeleton (D:7)
  A shadow imp (D:7)
  An ooze (D:5)
  2 adder skeletons
  A leopard gecko (D:2)
  21 orcs
  6 giant cockroaches
  18 goblins
  7 hobgoblins
  6 jackals (D:4)
  10 kobolds
  3 quokkas
  5 ball pythons
  10 bats
  6 frilled lizards
  9 rats
212 creatures vanquished.

Vanquished Creatures (others)
  A fungus (D:8)
1 creature vanquished.

Grand Total: 213 creatures vanquished

Notes
Turn   | Place    | Note
-------+----------+-------------------------------------------
     0 | D:1      | KoningWillie the Minotaur Fighter began the quest for the Orb.
     0 | D:1      | Reached XP level 1. HP: 19/19 MP: 0/0
   268 | D:1      | Reached XP level 2. HP: 27/27 MP: 1/1
   850 | D:2      | Noticed Robin
   863 | D:2      | Reached XP level 3. HP: 29/33 MP: 2/2
   876 | D:2      | Killed Robin
   876 | D:2      | Reached skill level 3 in Long Blades
  1051 | D:2      | Found a runed door.
  1311 | D:2      | Found a stormy altar of Qazlal.
  1532 | D:2      | Noticed Crazy Yiuf
  1535 | D:2      | Killed Crazy Yiuf
  1535 | D:2      | Reached XP level 4. HP: 40/40 MP: 3/3
  1888 | D:3      | Reached skill level 1 in Unarmed Combat
  2473 | D:3      | Noticed Jessica
  2475 | D:3      | Noticed Naow's ghost (amateur DEFE)
  2478 | D:3      | Killed Jessica
  2478 | D:3      | Reached skill level 4 in Long Blades
  2478 | D:3      | Reached XP level 5. HP: 35/46 MP: 4/4
  2482 | D:3      | Killed Naow's ghost
  2482 | D:3      | Reached skill level 1 in Dodging
  2482 | D:3      | Reached skill level 5 in Shields
  3239 | D:4      | Found Aduotus's Assorted Antiques.
  3282 | D:4      | Reached XP level 6. HP: 52/52 MP: 5/5
  3451 | D:4      | Reached skill level 5 in Long Blades
  3675 | D:4      | Reached skill level 5 in Armour
  3858 | D:4      | Noticed Duvessa
  3858 | D:4      | Noticed Dowan
  3881 | D:4      | Killed Duvessa
  3881 | D:4      | Reached XP level 7. HP: 52/60 MP: 6/6
  3888 | D:4      | Killed Dowan
  3888 | D:4      | Reached skill level 6 in Long Blades
  4202 | D:5      | Entered Level 5 of the Dungeon
  4599 | D:5      | Reached skill level 5 in Fighting
  4631 | D:5      | Found a staircase to the Ecumenical Temple.
  4707 | D:5      | Reached skill level 7 in Long Blades
  4802 | D:6      | Found a snail-covered altar of Cheibriados.
  4803 | D:6      | Found a shattered altar of Ashenzari.
  4806 | D:6      | Noticed Blork the orc
  4837 | D:6      | Killed Blork the orc
  5007 | D:6      | Reached XP level 8. HP: 68/68 MP: 7/7
  5104 | D:6      | Killed an unseen horror
  5104 | D:6      | Reached skill level 8 in Long Blades
  5797 | D:6      | Found a sparkling altar of Nemelex Xobeh.
  5926 | D:6      | Reached skill level 9 in Long Blades
  5926 | D:6      | Reached XP level 9. HP: 78/78 MP: 8/8
  5931 | D:6      | Found a deep blue altar of Sif Muna.
  6889 | D:7      | Found a runed door.
  6889 | D:7      | Found a runed door.
  7236 | D:7      | Reached skill level 10 in Long Blades
  7251 | D:7      | Noticed a kobold demonologist
  7251 | D:7      | Noticed a troll
  7254 | D:7      | Noticed an ice devil
  7264 | D:7      | Noticed an ice devil
  7272 | D:7      | Noticed a sun demon
  7279 | D:7      | Killed a troll
  7290 | D:7      | Killed a kobold demonologist
  7665 | D:7      | Noticed Menkaure
  7674 | D:7      | Killed Menkaure
  7767 | D:7      | Reached XP level 10. HP: 44/88 MP: 9/9
  7841 | D:6      | Reached skill level 11 in Long Blades
  8028 | D:7      | Noticed a two-headed ogre
  8040 | D:7      | Killed a two-headed ogre
  8863 | Temple   | Entered the Ecumenical Temple
  8929 | Temple   | Became a worshipper of Gozag Ym Sagoz the Greedy
  9202 | D:4      | Bought 2 orange potions for 43 gold pieces
  9202 | D:4      | Bought an amethyst potion for 21 gold pieces
  9202 | D:4      | Bought 2 potions of might for 192 gold pieces
  9674 | D:8      | Found a staircase to the Lair.
  9685 | D:9      | Found a sacrificial altar of Ru.
  9687 | D:9      | Slain by a crocodile

Skill      XL: |  1  2  3  4  5  6  7  8  9 10 |
---------------+-------------------------------+-----
Shields        | 4 5 6 7 9 |  9.9
Fighting       | 4 5 6 7 8 |  8.4
Long Blades    | 3 4 5 7 9 10 11 | 11.8
Unarmed Combat | 1 |  1.0
Armour         | 4 5 7 8 9 |  9.4
Dodging        | 1 |  1.5
Stealth        | |  0.5

Action                   |  1- 3 |  4- 6 |  7- 9 | 10-12 || total
-------------------------+-------+-------+-------+-------++-------
Melee: Long sword        |    94 |   147 |   310 |    59 ||   610
       Headbutt          |    10 |    18 |    75 |    25 ||   128
       Unarmed           |    14 |       |       |       ||    14
       Great sword       |       |       |       |    56 ||    56
Invok: Potion Petition   |       |       |       |     1 ||     1
  Use: Scroll            |     4 |     8 |     4 |     7 ||    23
       Potion            |     1 |     1 |     3 |     2 ||     7
  Eat: Bread ration      |     1 |     1 |     2 |       ||     4
       Meat ration       |       |     1 |       |     3 ||     4
Armor: Scale mail        |    42 |       |       |       ||    42
       Plate armour      |    19 |   116 |   199 |   127 ||   461
       Skin              |     3 |       |       |       ||     3
Dodge: Dodged            |    49 |    21 |    73 |    77 ||   220
Block: Shield            |    55 |    98 |   178 |    28 ||   359
       Rpst.: Long sword |     8 |     2 |    17 |     5 ||    32
       Great sword       |       |       |       |    12 ||    12
